 Dungeon Crawl Stone Soup version 0.30-a0-389-g8d7d949f56 (webtiles) character file.

Game seed: 7024057116441166479

56 spardeous the Ducker (level 3, 0/15 HPs)
             Began as a Felid Transmuter on Dec 4, 2022.
             Succumbed to an adder's poison
             ... on level 4 of the Dungeon.
             The game lasted 00:03:40 (1860 turns).

spardeous the Ducker (Felid Transmuter)             Turns: 1860, Time: 00:03:41

Health: 0/15       AC:  1    Str:  6    XL:     3   Next: 69%
Magic:  7/7        EV: 19    Int: 14    God:
Gold:   155        SH:  0    Dex: 18    Spells: 2/6 levels left
                                        Lives:  0   Deaths: 0

rFire   . . .      SeeInvis +      - Unarmed
rCold   . . .      Faith    .    (shield unavailable)
rNeg    . . .      Spirit   .    (body armour unavailable)
rPois   .          Reflect  .    (helmet unavailable)
rElec   .          Harm     .    (cloak unavailable)
rCorr   .          Rampage  .    (gloves unavailable)
Will    .....                    (boots unavailable)
Stlth   ++........               (no amulet)
HPRegen 0.22/turn                (no ring)
MPRegen 0.10/turn                (no ring)

@: mighty, lethally poisoned (0 -> -2), attractive, flying, quick
A: very small, claws 1, fangs 3, see invisible, speed 1, shaggy fur 1, stealthy
paws, no weapons or thrown items, no armour, multi-lived
a: no special abilities


You were on level 4 of the Dungeon.
You visited 1 branch of the dungeon, and saw 4 of its levels.

You collected 155 gold pieces.

Inventory:

Jewellery
 c - a ring of magical power
Wands
 n - a wand of acid (3)
Scrolls
 e - 2 scrolls of teleportation {unknown}
 f - a scroll of enchant armour {unknown}
 g - 3 scrolls of butterflies {unknown}
 h - a scroll of enchant weapon {unknown}
 j - a scroll of silence {unknown}
 m - a scroll of poison {unknown}
Potions
 a - 2 potions of lignification
 i - a potion of degeneration {unknown}
 k - a potion of invisibility {unknown}
 l - a potion of magic {unknown}
 o - a potion of haste {unknown}


   Skills:
 - Level 1.0 Fighting
 + Level 4.3 Dodging
 + Level 3.9 Unarmed Combat
 - Level 2.0 Spellcasting
 - Level 2.1 Transmutations


You had 2 spell levels left.
You knew the following spells:

 Your Spells              Type           Power      Damage    Failure   Level
a - Beastly Appendage     Tmut           14%        N/A       10%         1
b - Spider Form           Tmut/Pois      4%         N/A       41%         3

Your spell library contained the following spells:

 Spells                   Type           Power      Damage    Failure   Level
 Wereblood                Tmut           7%         N/A       14%         2
 Ice Form                 Ice/Tmut       4%         N/A       83%         4


Dungeon Overview and Level Annotations

Branches:
Dungeon (3/15)

Altars:
Kikubaaqudgha

Shops:
D:1 (

Annotations:
D:3 1 runed translucent door, Crazy Yiuf


Innate Abilities, Weirdness & Mutations

You have sharp claws.
You have razor-sharp teeth.
You have supernaturally acute eyesight. (SInv)
You cover ground quickly. (Speed+)
You are covered in fur. (AC +1)
Your paws help you pounce on unaware monsters.
You are incapable of wielding weapons or throwing items.
You cannot wear armour.
You gain extra lives every three experience levels.


Message History

The adder misses you. The ball python completely misses you.
The ball python misses you. The adder misses you.
You closely miss the adder.
The adder is moderately wounded.
The ball python completely misses you. The ball python grabs you.
The ball python constricts you. The adder closely misses you.
You claw the ball python!
You kill the ball python!
The adder bites you.
You are poisoned.
The adder poisons you!
An orc comes into view. It is wielding a +0 club.
The orc shouts!
You scratch the adder.
The adder is severely wounded.
You feel sick. The adder bites you.
You are lethally poisoned!
The adder poisons you!
You are too injured to fight recklessly!
You are too injured to fight recklessly!
You scratch the adder.
The adder is almost dead.
* * * LOW HITPOINT WARNING * * *
You feel sick. The adder closely misses you. The adder barely misses you.
You scratch the adder.
You kill the adder!
* * * LOW HITPOINT WARNING * * *
You feel sick.
It was a potion of flight.
You feel very buoyant.
You fly up into the air.
* * * LOW HITPOINT WARNING * * *
You feel sick. The orc barely misses you.
It was a potion of attraction.
You feel attractive to monsters.
* * * LOW HITPOINT WARNING * * *
You feel sick. The orc completely misses you.
It was a potion of might.
You feel very mighty all of a sudden.
You die...

######. ....... .# # #
.# .#. # #.##.o# ##
##.#..# .# ##.....##
.# ##.......### .#
#.########oo.......!.
##
#...?.)@ogKo.......#
.# ############.....##
.# ##.#.## .# ###.# #
.# #####...#.## .#
##........(.# .#
####..###©####....
.###########K...##.###
###
.............#.##5.. #


You could see 4 orcs, a goblin and a kobold.

Vanquished Creatures
  An adder (D:4)
  3 orcs (D:3)
  7 ball pythons
  3 bats
  An endoplasm (D:1)
  2 goblins
  7 hobgoblins
  3 jackals (D:3)
  3 kobolds (D:1)
  2 quokkas
  A frilled lizard (D:1)
  5 rats (D:1)
38 creatures vanquished.

Notes
Turn   | Place    | Note
-------+----------+-------------------------------------------
     0 | D:1      | spardeous the Felid Transmuter began the quest for the Orb.
     0 | D:1      | Reached XP level 1. HP: 9/9 MP: 4/4
   100 | D:1      | Reached skill level 3 in Dodging
   122 | D:1      | Found a faded altar of an unknown god.
   122 | D:1      | Noticed a shining eye
   154 | D:1      | Noticed an eye of devastation
   154 | D:1      | Noticed a great orb of eyes
   154 | D:1      | Noticed a shining eye
   173 | D:1      | Found Gaanwaw's Antique Weapon Emporium.
   269 | D:1      | Reached XP level 2. HP: 9/12 MP: 4/6
  1405 | D:3      | Found an ancient bone altar of Kikubaaqudgha.
  1425 | D:3      | Reached XP level 3. HP: 10/15 MP: 7/7
  1467 | D:3      | Learned a level 3 spell: Spider Form
  1599 | D:3      | Reached skill level 4 in Dodging
  1670 | D:3      | Found a runed translucent door.
  1671 | D:3      | Noticed Crazy Yiuf
  1740 | D:3      | You fall into a shaft and drop 1 floor!
  1860 | D:4      | Succumbed to an adder's poison

Illustrated notes

Levels and vault maps discovered:
D:1:      spicycebolla_arrival_transporter_tutorial, layout_loops_cross,
          serial_shops, shop_fountains, hellmonk_ecumenical_altar_watching_god,
          minmay_misc_feat_enclosed
D:2:      wad_pebble_path, layout_basic
D:3:      layout_basic, mainiacjoe_overflow_boulevard, uniq_crazy_yiuf_cottage,
          uniq_sigmund
D:4:      layout_loops_ring, gammafunk_temple_overflow_arena,
          gammafunk_ghost_stat_death, minmay_ruptured, uniq_natasha, uniq_edmund

Skill      XL: |  1  2  3 |
---------------+----------+-----
Dodging        | 3 4 |  4.3
Fighting       | |  1.0
Unarmed Combat | |  3.9
Spellcasting   | |  2.0
Transmutations | |  2.1

Action                   || total
-------------------------++-------
Melee: Unarmed           ||    99
       Headbutt          ||    18
       Bite              ||     7
       Punch             ||     2
 Cast: Beastly Appendage ||    32
  Use: Potion            ||     3
 Stab: Sleeping          ||     3
Armor: Skin              ||     6
Dodge: Dodged            ||    88

Table legend: (Time is in decaauts)
 A = Elapsed time spent in this place.
 B = Non-inter-level travel time spent in this place.
 C = Inter-level travel time spent in this place.
 D = Time resting spent in this place.
 E = Time spent auto-exploring this place.
 F = Levels seen in this place.
 G = Mean time per level.
                   A        B        C        D        E       F      G
               +--------+--------+--------+--------+--------+-----+--------+
         Total |   1588 |   1505 |     83 |    126 |    953 |   4 |  397.0 |
       Dungeon |   1588 |   1505 |     83 |    126 |    953 |   4 |  397.0 |
               +--------+--------+--------+--------+--------+-----+--------+

Top non-repeatable levels by time:
     D:1: 974 daAuts
     D:3: 289 daAuts
     D:2: 223 daAuts
     D:4: 101 daAuts
